AoeStats
← Chaves

African Clearing

510839698Analyzed
3v3 RM · 12h ago on Oct 2, 2026· 22m 18s· 6 players
Game mode
Random Map
Map size
Normal (6 player)
Population
200
Speed
Normal
Resources
Standard
Victory
Conquest
Starting age
Dark Age
Ending age
Imperial Age
RankedLock teamsTeams togetherTeam positionsShared explorationLock speedFull tech treeHidden civsTurbo modeCheats
Victory
Defeat
🇺🇸 Huns · United States
1237
+13
🇧🇷 Spanish · Brazil
1144
+17
🇧🇷 Inca · Brazil
1144
+17
🇲🇽 Dravidians · Mexico
1196
-16
🇧🇷 Armenians · Brazil
1182
-16
🇧🇷 Byzantines · Brazil
1151
-15
galv
5:39 Loom
15:03 Feudal Age
16:38 Double-Bit Axe
19:24 Castle Age
17:18 Horse Collar
20:25 Husbandry
dLevantine
3:07 Loom
11:49 Feudal Age
12:19 Double-Bit Axe
12:25 Gold Mining
13:22 Wheelbarrow
14:49 Horse Collar
20:08 Castle Age
19:08 Stone Mining
18:40 Man-at-Arms
20:52 Long Swordsman
21:37 Squires
Chaves
7:15 Loom
17:42 Feudal Age
MineirodeOuro
13:30 Feudal Age
19:27 Castle Age
17:39 Double-Bit Axe
17:43 Horse Collar
17:47 Fishing Lines
18:52 Gold Mining
20:40 Bow Saw
21:53 Gillnets
23:07 Wheelbarrow
22:33 Loom
PaidoJoaozinho
3:12 Loom
12:42 Feudal Age
14:47 Champi Runner
18:44 Arson
19:23 Fletching
21:32 Double-Bit Axe
21:29 Horse Collar
APY_TIAGO
4:29 Loom
14:24 Feudal Age
18:47 Castle Age
18:09 Double-Bit Axe
Connection lost

Rejoining the realm…

Still unreachable

The connection could not be restored.

Session expired

The server has moved on; the page needs a fresh start.